 Dungeon Crawl Stone Soup version 0.21-a0-405-gf2af9a1 (webtiles) character file.

102 ohad the Changer (level 4, -7/38 HPs)
             Began as a Naga Transmuter on Nov 1, 2017.
             Killed by nerve-wracking pain
             ... invoked by Jessica
              (10 damage)
             ... on level 3 of the Dungeon.
             The game lasted 00:03:51 (1746 turns).

ohad the Changer (Naga Transmuter)                  Turns: 1746, Time: 00:03:52

Health: -7/38      AC:  2    Str: 12    XL:     4   Next: 77%
Magic:  7/7        EV: 15    Int: 15    God:
Gold:   88         SH:  0    Dex: 16    Spells: 1/7 levels left

rFire    . . .     SeeInvis +   e - +2 dagger (venom)
rCold    . . .     Gourm    .   (no shield)
rNeg     . . .     Faith    .   b - +0 robe
rPois    +         Spirit   .   (no helmet)
rElec    .         Reflect  .   (no cloak)
rCorr    .         Harm     .   (no gloves)
MR       .....                  (no barding)
Stlth    +++.......             (no amulet)
HPRegen  0.12/turn              (no ring)
MPRegen  0.10/turn              (no ring)

@: agile, appendage, very slow
A: horns 2, see invisible, deformed body, poison resistance, slowness 2, slow
metabolism 1, spit poison 1, AC +1
a: Spit Poison, End Transformation


You were on level 3 of the Dungeon.
You were hungry.
You had grown temporary horns.
You visited 1 branch of the dungeon, and saw 3 of its levels.

You collected 88 gold pieces.

Inventory:

Hand Weapons
 e - a +2 dagger of venom (weapon)
 k - a cursed -1 mace
Missiles
 a - 37 arrows
 p - 18 poisoned needles
 t - 18 bolts
Armour
 b - a +0 robe (worn)
 q - a +0 scale mail
Scrolls
 m - a scroll of enchant armour {unknown}
 r - a scroll of teleportation {unknown}
 s - a scroll of remove curse {unknown}
 u - a scroll of immolation {unknown}
Potions
 i - 3 potions of might
 j - a potion of agility
 n - a potion of mutation
 o - a potion of lignification {unknown}
Books
 c - a book of Changes

   Spells                             Type                      Level
   a - Beastly Appendage              Transmutation                1
   b - Sticks to Snakes               Transmutation                2
   c - Spider Form                    Transmutation/Poison         3
   d - Ice Form                       Ice/Transmutation            4
   e - Blade Hands                    Transmutation                5
Comestibles
 d - a bread ration
 h - 2 royal jellies
 l - a meat ration


   Skills:
 - Level 1.0 Fighting
 - Level 1.5 Dodging
 - Level 2.4 Stealth
 - Level 3.0 Unarmed Combat
 - Level 2.0 Spellcasting
 + Level 4.4 Transmutations


You had one spell level left.
You knew the following spells:

 Your Spells              Type           Power        Failure   Level  Hunger
a - Beastly Appendage     Tmut           ##....       3%          1    #......
b - Sticks to Snakes      Tmut           ##......     5%          2    ###....
c - Spider Form           Tmut/Pois      #.........   26%         3    ###....


Dungeon Overview and Level Annotations

Branches:
Dungeon (3/15)

Altars:
Sif Muna

Annotations:
D:3 Jessica


Innate Abilities, Weirdness & Mutations

You cannot wear boots.
Your serpentine skin is tough. (AC +1)
You have supernaturally acute eyesight. (SInv)
Armour fits poorly on your strangely shaped body.
Your system is resistant to poisons. (rPois)
You cover ground very slowly.
You have a slow metabolism.
You can spit poison.
You have a pair of horns on your head.


Message History

Pain shoots through your body!
Jessica zaps a wand.
The puff of flame hits you!
It is a wand of flame (?/48).
You see here 2 stones.
You have got your breath back.
You see here 2 stones.
Jessica hits you but does no damage.
Found a meat ration.
You barely miss Jessica.
Jessica hits you with a dagger of holy wrath.
You hit Jessica.
Jessica is poisoned.
Jessica is heavily wounded.
Jessica hits you with a dagger of holy wrath.
You closely miss Jessica.
Jessica is heavily wounded.
Jessica zaps a wand.
The puff of flame hits you!
* * * LOW HITPOINT WARNING * * *
You feel agile all of a sudden. Jessica gestures at you while chanting.
Pain shoots through your body!
You die...

....###########
......................
.....................
...................#
..................# #
#.... .)........# #.
##...# #..@#.....
##.##....# ##.@.#.....
........^#####.((.......
........#...............
.......##.....(....##...
.......##..........# %.
.......##..........# .
.......#######.....#
.......# #)....#
.......# #.........#


You could see Jessica.

Vanquished Creatures
  A gnoll (D:1)
  2 adders
  3 oozes
  A worm (D:2)
  4 dart slugs
  3 leopard geckos
  3 bats
  A giant cockroach (D:2)
  7 goblins
  5 hobgoblins
  6 jackals
  3 frilled lizards
  6 kobolds
  3 rats
48 creatures vanquished.

Notes
Turn   | Place    | Note
-------+----------+-------------------------------------------
     0 | D:1      | ohad the Naga Transmuter began the quest for the Orb.
     0 | D:1      | Reached XP level 1. HP: 18/18 MP: 3/3
    21 | D:1      | Reached skill level 1 in Stealth
   209 | D:1      | Reached XP level 2. HP: 25/25 MP: 5/5
   210 | D:1      | You fall through a shaft!
   230 | D:2      | Learned a level 2 spell: Sticks to Snakes
   271 | D:1      | Reached skill level 3 in Transmutations
   271 | D:1      | Reached XP level 3. HP: 31/31 MP: 6/6
  1014 | D:2      | Reached XP level 4. HP: 32/38 MP: 7/7
  1078 | D:2      | Learned a level 3 spell: Spider Form
  1144 | D:2      | Reached skill level 4 in Transmutations
  1610 | D:2      | Found a deep blue altar of Sif Muna.
  1722 | D:3      | Noticed Jessica
  1746 | D:3      | Killed from afar by Jessica

Vault maps used:
D:1:      mainiacjoe_arrival_reflecting_pool
D:2:      led_sif_pool, minmay_close_crescents
D:3:      hangedman_decor_riveting, uniq_crazy_yiuf_cottage, uniq_jessica,
          uniq_robin

Skill      XL: |  1  2  3  4 |
---------------+-------------+-----
Stealth        | 2 |  2.4
Transmutations | 3 4 |  4.4
Fighting       | |  1.0
Dodging        | |  1.5
Unarmed Combat | |  3.0
Spellcasting   | |  2.0

Action                   |  1- 3 |  4- 6 || total
-------------------------+-------+-------++-------
Melee: Dagger            |    63 |    46 ||   109
       Unarmed           |     2 |       ||     2
       Headbutt          |     2 |     3 ||     5
       Punch             |       |     1 ||     1
 Cast: Beastly Appendage |     5 |     7 ||    12
 Abil: Spit Poison       |     6 |     8 ||    14
  Use: Scroll            |       |     3 ||     3
       Potion            |       |     1 ||     1
 Stab: Sleeping          |     3 |     4 ||     7
  Eat: Chunk             |       |     2 ||     2
Armor: Robe              |     7 |    16 ||    23
Dodge: Dodged            |    28 |    34 ||    62

Table legend:
 A = Spawn XP
 B = Non-spawn XP
 C = Spawn XP percentage of total XP
 D = Spawn monster count
 E = Non-spawn monster count
 F = Spawn count percentage of total count
 G = Total turns spent on level
                    A         B        C        D         E        F      G
               +---------+---------+-------+---------+---------+-------+---------
         Total |       0 |     146 |   0.0 |       0 |      48 |   0.0 |  1746
               +---------+---------+-------+---------+---------+-------+---------
           D:1 |       0 |      56 |   0.0 |       0 |      18 |   0.0 |   945
           D:2 |       0 |      73 |   0.0 |       0 |      26 |   0.0 |   703
           D:3 |       0 |      17 |   0.0 |       0 |       4 |   0.0 |    98
               +---------+---------+-------+---------+---------+-------+---------
